 Dungeon Crawl Stone Soup version 0.32-a0-932-g546787307d (console) character file.

Game seed: 139449883854785055

965 Lightli the Toxicologist (level 8, -4/59 (62) HPs)
             Began as a Naga Alchemist on Apr 20, 2024.
             Slain by a wight
             ... wielding a +2 hand axe
              (8 damage)
             ... on level 5 of the Dungeon.
             The game lasted 00:05:37 (4750 turns).

Lightli the Toxicologist (Naga Alchemist)           Turns: 4750, Time: 00:05:38

HP:   -4/59 (62)    AC:  8    Str: 10    XL:     8   Next: 15%
MP:   17/17         EV:  8    Int: 18    God:
Gold: 36            SH:  0    Dex: 12    Spells: 14/19 levels left

rFire   . . .        e - +1 whip (freeze)
rCold   . . .        (no shield)
rNeg    . . .        h - +2 leather armour {Will+}
rPois   +            (no helmet)
rElec   .            (no cloak)
rCorr   .            k - +1 pair of gloves
SInv    +            (no barding)
Will    +++..        (no amulet)
Stlth   ++           j - ring of willpower
HPRegen 0.29/turn    (no ring)
MPRegen 0.15/turn

%: no passive effects
@: mighty, lightly drained, very slow
A: AC +2, large, see invisible, deformed body, poison resistance, slowness 2,
spit poison 1, naga tail 1
a: Spit Poison


You were on level 5 of the Dungeon.
You visited 1 branch of the dungeon, and saw 5 of its levels.

You collected 145 gold pieces.
You spent 109 gold pieces at shops.

Inventory:

Hand Weapons
 e - a +1 whip of freezing (weapon)
Missiles
 q - a throwing net
Armour
 h - a +2 leather armour of willpower (worn)
 k - a +1 pair of gloves (worn)
Jewellery
 j - a ring of willpower (left hand)
Wands
 m - a wand of flame (5)
Scrolls
 a - a scroll of identify
 f - a scroll of immolation
 g - a scroll of vulnerability {unknown}
 l - a scroll of fog {unknown}
Potions
 b - a potion of magic
 d - a potion of might
 i - a potion of curing
 p - a potion of degeneration {unknown}
 r - a potion of resistance {unknown}


   Skills:
 - Level 0.1 Fighting
 - Level 1.5 Dodging
 - Level 3.0 Stealth
 - Level 6.0 Spellcasting
 - Level 1.0 Conjurations
 + Level 8.8 Alchemy


You had 14 spell levels left.
You knew the following spells:

 Your Spells              Type           Power      Damage    Failure   Level
a - Sting                 Conj/Alch      92%        1d8       2%          1
b - Olgreb's Toxic Radia  Alch           37%        N/A       4%          4

Your spell library contained the following spells:

 Spells                   Type           Power      Damage    Failure   Level
 Mercury Vapours          Alch/Air       42%        N/A       4%          2
 Mephitic Cloud           Conj/Alch/Air  17%        N/A       13%         3
 Summon Small Mammal      Summ           20%        N/A       16%         1
 Sticky Flame             Fire/Alch      21%        2d6       26%         4
 Dazzling Flash           Conj/Hex       14%        N/A       36%         3
 Martyr's Knell           Necr/Summ      5%         N/A       85%         4
 Starburst                Conj/Fire      3%         6d3       100%        6
 Malign Gateway           Summ/Tloc      2%         N/A       100%        7
 Maxwell's Capacitive Co  Air            2%         ∞         100%        8
 Summon Horrible Things   Summ           2%         N/A       100%        8


Dungeon Overview and Level Annotations

Branches:
Dungeon (5/15)
 Temple: D:4-7

Altars:
Trog
Yredelemnul

Shops:
D:2 ?   D:4 =*?*

Annotations:
D:3 1 runed translucent door, Parz's ghost, amateur OpSu


Innate Abilities, Weirdness & Mutations

Your serpentine skin is tough. (AC +2)
You have supernaturally acute eyesight. (SInv)
Armour fits poorly on your strangely shaped body.
Your system is resistant to poisons. (rPois)
You cover ground very slowly.
You can spit poison.
You have a snake-like lower body.


Message History

As you read the scroll labelled HAIMIS JODUC, it crumbles to dust.
It is a scroll of enchant armour.
Your +0 pair of gloves glows green for a moment.
The scorpion stings you but does no damage.
The wight barely misses you. The wight hits you with a +5 scimitar.
The phantom hits you but does no damage.
Unknown command.
The air fills with toxic fumes!
As you read the scroll labelled DECOZU COGEJ, it crumbles to dust.
It was a scroll of poison.
The scorpion stings you but does no damage.
The wight hits you with a +2 hand axe.
* * * LOW HITPOINT WARNING * * *
The wight hits you with a +5 scimitar!
* * * LOW HITPOINT WARNING * * *
The phantom hits you but does no damage.
Unknown command.
You are confused.
You feel invigorated.
The scorpion stings you but does no damage.
The wight barely misses you. The wight hits you with a +5 scimitar.
* * * LOW HITPOINT WARNING * * *
The scorpion stings you.
* * * LOW HITPOINT WARNING * * *
The phantom hits you but does no damage.
The wight attacks as it pursues you! The wight hits you with a +2 hand axe!
* * * LOW HITPOINT WARNING * * *
You feel drained.
* * * LOW HITPOINT WARNING * * *
The wight attacks as it pursues you! The wight closely misses you.
Unknown command.
It was a potion of curing.
You feel better.
You feel less invigorated. The wight hits you with a +2 hand axe!
* * * LOW HITPOINT WARNING * * *
The wight barely misses you.
It was a potion of might.
You feel very mighty all of a sudden.
The orc shouts!
The wight hits you with a +2 hand axe!
You die...

##..## .# ##§§##
.# ##§.# §# ##§#
§# #§###☼#
####§§#§§#
#§§§§).s☼######
#§§§§.zzW§§§§§.
..§§§§§§§@§#####
...§☼§§§§§§§#
...§§§§§§o§§§#
...§☼§§☼§§§§§#
...§§§#§#o§§§§
..§§.§§§§§§§##
.§.§§§§§§§§#
##.o.#.§..


You could see a phantom, a scorpion, 2 wights and 3 orcs.

Vanquished Creatures
  Prince Ribbit (D:5)
  An orc warrior (D:5)
  A black bear (D:5)
  An ogre (D:5)
  A phantom (D:5)
  4 hounds
  An orc priest (D:3)
  2 iguanas
  2 orc wizards (D:3)
  3 gnolls (D:5)
  5 adders
  2 ufetubi (D:5)
  4 dart slugs (D:1)
  A ribbon worm (D:3)
  10 orcs
  8 endoplasms
  5 giant cockroaches
  6 goblins
  4 hobgoblins
  6 jackals (D:1)
  9 kobolds
  3 quokkas (D:2)
  5 ball pythons
  4 bats
  3 frilled lizards
  5 rats
97 creatures vanquished.

Notes
Turn   | Place    | Note
-------+----------+-------------------------------------------
     0 | D:1      | Lightli the Naga Alchemist began the quest for the Orb.
     0 | D:1      | Reached XP level 1. HP: 15/15 MP: 3/3
    52 | D:1      | Reached skill level 4 in Alchemy
    99 | D:1      | Reached XP level 2. HP: 17/22 MP: 0/5
   642 | D:1      | Reached XP level 3. HP: 22/28 MP: 1/6
   673 | D:1      | Reached skill level 5 in Alchemy
  1158 | D:1      | Found a faded altar of an unknown god.
  1494 | D:2      | Reached XP level 4. HP: 36/36 MP: 4/7
  1558 | D:2      | Found Qatz's Magic Scroll Boutique.
  1566 | D:2      | Bought a scroll of immolation for 56 gold pieces
  1768 | D:2      | Reached skill level 6 in Alchemy
  2369 | D:2      | Learned a level 4 spell: Olgreb's Toxic Radiance
  2384 | D:3      | Reached XP level 5. HP: 17/42 MP: 0/8
  2728 | D:3      | Reached skill level 7 in Alchemy
  2867 | D:3      | Found a runed translucent door.
  2869 | D:3      | Noticed Parz's ghost (amateur OpSu)
  3255 | D:4      | Found Zoithuwn's Assorted Antiques.
  3257 | D:4      | Found Meosk's General Store.
  3257 | D:4      | Found Venwaph's Magic Scroll Boutique.
  3258 | D:4      | Found Esijui's Jewellery Emporium.
  3269 | D:4      | Bought a silvery potion for 25 gold pieces
  3269 | D:4      | Bought a scroll labelled HAIMIS JODUC for 28 gold pieces
  3417 | D:4      | Found a basalt altar of Yredelemnul.
  3419 | D:4      | Found a bloodstained altar of Trog.
  3457 | D:4      | Identified the +3 short sword "Nyeliev" {speed, +Blink rN+
                  | Str-5}
  3552 | D:4      | Reached skill level 8 in Alchemy
  3552 | D:4      | Reached XP level 6. HP: 44/49 MP: 1/9
  4164 | D:5      | Entered Level 5 of the Dungeon
  4362 | D:5      | Noticed Prince Ribbit
  4378 | D:5      | Killed Prince Ribbit
  4379 | D:5      | Reached skill level 5 in Spellcasting
  4379 | D:5      | Reached XP level 7. HP: 53/55 MP: 0/14
  4690 | D:5      | Got Lops's Grimoire of Hedging
  4734 | D:5      | Reached XP level 8. HP: 58/62 MP: 5/17
  4743 | D:5      | Identified the +8 chain mail "Moraj" {Slay+2}
  4750 | D:5      | Slain by a wight

Illustrated notes

Levels and vault maps discovered:
D:1:      orjb1_clovarrival, layout_basic, shapermc_ecumenical_altar_notcrosses,
          minmay_fountain_box, minmay_misc_feat_diagonals
D:2:      layout_loops_ring, serial_shops, nicolae_shop_advertising_works
          [nicolae_subvault_shop_adworks]
D:3:      layout_basic, gammafunk_ghost_grave
D:4:      layout_loops_corners, chequers_temple_overflow_statue_of_worship,
          nicolae_wooded_promenade
D:5:      layout_basic, nicolae_hepliaklqana_hazy_memory,
          minmay_temple_entry_junction, serial_shops, shop, uniq_prince_ribbit1

Skill      XL: |  1  2  3  4  5  6  7 |
---------------+----------------------+-----
Alchemy        | 4 5 6 8 |  8.8
Spellcasting   | 5 6 |  6.0
Fighting       | |  0.1
Dodging        | |  1.5
Stealth        | |  3.0
Conjurations   | |  1.0

Action                     |  1- 3 |  4- 6 |  7- 9 || total
---------------------------+-------+-------+-------++-------
  Melee: Unarmed           |    15 |       |       ||    15
         Whip              |       |    51 |     6 ||    57
   Cast: Sting             |    81 |    80 |    24 ||   185
         Olgreb's Toxic Ra |       |     4 |     3 ||     7
Ability: Spit Poison       |     5 |     4 |       ||     9
  Evoke: Wand              |       |     8 |       ||     8
    Use: Scroll            |       |       |     3 ||     3
         Potion            |       |       |     3 ||     3
 Armour: Robe              |    36 |    40 |       ||    76
         Leather armour    |       |    59 |    45 ||   104
  Dodge: Dodged            |    35 |    71 |    22 ||   128

Table legend: (Time is in decaauts)
 A = Elapsed time spent in this place.
 B = Non-inter-level travel time spent in this place.
 C = Inter-level travel time spent in this place.
 D = Time resting spent in this place.
 E = Time spent auto-exploring this place.
 F = Levels seen in this place.
 G = Mean time per level.
                   A        B        C        D        E       F      G
               +--------+--------+--------+--------+--------+-----+--------+
         Total |   5702 |   5623 |     79 |    436 |   4437 |   5 | 1140.4 |
       Dungeon |   5702 |   5623 |     79 |    436 |   4437 |   5 | 1140.4 |
               +--------+--------+--------+--------+--------+-----+--------+

Top non-repeatable levels by time:
     D:1: 1416 daAuts
     D:2: 1359 daAuts
     D:4: 1312 daAuts
     D:3: 969 daAuts
     D:5: 644 daAuts
